 Dungeon Crawl Stone Soup version 0.13.1-27-ga479965 (webtiles) character file.

24999 Chiseanne the Fighter (level 13, 0/131 HPs)
             Began as an Ogre Artificer on Feb 22, 2014.
             Was the Champion of Nemelex Xobeh.
             Slain by a spriggan
             ... wielding a +2,+2 dagger
              (4 damage)
             ... on Level 8 of the Lair of Beasts.
             The game lasted 02:25:24 (28778 turns).

Chiseanne the Fighter (Ogre Artificer)             Turns: 28778, Time: 02:25:25

HP   0/131       AC 10     Str 19      XL: 13   Next: 11%
MP  24/29        EV 13     Int 15      God: Nemelex Xobeh [******]
Gold 774         SH  0     Dex 10      Spells:  0 memorised, 12 levels left

Res.Fire  : + . .   See Invis. : .   w - lantern of shadows
Res.Cold  : . . .   Warding    : .   J - +3 troll leather armour
Life Prot.: . . .   Conserve   : .   (shield restricted)
Res.Poison: .       Res.Corr.  : .   (helmet restricted)
Res.Elec. : .       Clarity    : +   A - +0 elf cloak
Sust.Abil.: . .     Spirit.Shd : .   (gloves unavailable)
Res.Mut.  : .       Stasis     : .   (boots unavailable)
Res.Rott. : .       Flight     : +   F - amulet of clarity
Saprovore : + . .                    n - ring of protection from magic
                                     r - ring of protection from fire

@: invisible, flying, quick, very resistant to hostile enchantments, extremely
unstealthy
A: unfitting armour, antennae 1, fast metabolism 1, +10% mp, saprovore 1,
slowness 1, tough skin 1, evolution 1
a: Draw One, Peek at Two, Triple Draw, Deal Four, Stack Five, Renounce Religion


You were on level 8 of the Lair of Beasts.
You worshipped Nemelex Xobeh.
Nemelex Xobeh was exalted by your worship.
You were not hungry.

You visited 3 branches of the dungeon, and saw 21 of its levels.

You collected 1065 gold pieces.
You spent 286 gold pieces at shops.

Inventory:

Hand weapons
 a - a +2,+4 morningstar of freezing
 s - a +3,+1 orcish mace of crushing
 x - a +0 blowgun
 D - the +2,+5 long sword of Klib {flame, -Cast rF+ rC++ Dex+3}
   (You found it on level 7 of the Lair of Beasts)

   It emits flame when wielded, causing extra injury to most foes and up to
   double damage against particularly susceptible opponents.
   Big, fiery blades are also staple armaments of hydra-hunters.
   It affects your dexterity (+3).
   It protects you from fire.
   It greatly protects you from cold.
   It prevents spellcasting.
Missiles
 b - 5 poisoned darts (quivered)
 h - 3 javelins
Armour
 A - a +0 elven cloak (worn)
 J - a +3 troll leather armour (worn)
Magical devices
 i - a wand of teleportation (5)
 q - a wand of flame (7)
 u - a wand of cold (2)
 N - a wand of lightning (7)
Comestibles
 f - a meat ration
 l - 6 bread rations
 B - 12 grapes
 P - 2 chunks of wolf flesh
Scrolls
 y - a scroll of fog
 I - 2 scrolls of remove curse
 M - a scroll of magic mapping
 O - 2 scrolls of teleportation
Jewellery
 n - a ring of protection from magic (right hand)
 p - an uncursed ring of sustenance {unknown}
 r - a ring of protection from fire (left hand)
 t - an uncursed ring of wizardry
 C - an uncursed amulet of the gourmand
 E - an uncursed ring of positive energy
 F - an amulet of clarity (around neck)
Potions
 k - 3 potions of curing
 H - 3 potions of resistance
 K - a potion of restore abilities
Books
 c - a book of Wizardry

   Spells                             Type                      Level
   Summon Elemental                   Summoning                    4
   Agony                              Necromancy                   5
   Force Lance                        Conjuration                  5
   Fireball                           Conjuration/Fire             5
   Haste                              Charms                       6
   Invisibility                       Hexes                        6
 z - a book of Fire

   Spells                             Type                      Level
   Fire Brand                         Charms/Fire                  2
   Ignite Poison                      Fire/Transmutation           5
   Fireball                           Conjuration/Fire             5
   Bolt of Fire                       Conjuration/Fire             6
   Delayed Fireball                   Conjuration/Fire             7
   Ring of Flames                     Charms/Fire                  7
Miscellaneous
 d - an ornate deck of summonings {drawn: 6} {god gift}
 e - an ornate deck of destruction {drawn: 6} {god gift}
 j - a fan of gales
 m - a legendary deck of escape {drawn: 2} {god gift}
 o - a plain deck of summonings {drawn: 1} {god gift}
 v - a plain deck of changes {the Bargain, left: 3}
 w - a lantern of shadows (in hand)
 G - a plain deck of escape {drawn: 5} {god gift}
 L - a box of beasts
 Q - an ornate deck of escape {god gift}


   Skills:
 * Level 12.0 Fighting
 * Level 10.8 Maces & Flails
 - Level 5.7 Throwing
 * Level 4.5 Armour
 - Level 8.8 Dodging
 - Level 0.7 Stealth
   Level 1.2 Hexes
   Level 4.2 Invocations
 * Level 11.9 Evocations


You had 12 spell levels left.
You didn't know any spells.

Dungeon Overview and Level Annotations

Branches:
Dungeon (12/27)            Temple (1/1) D:4             Orc (0/4) D:8
   Lair (8/8) D:10          Swamp (0/5) Lair:6       Spider (0/5) Lair:3
  Slime (0/6) Lair:8

Altars:
Ashenzari
Cheibriados
Elyvilon
Fedhas
Kikubaaqudgha
Makhleb
Nemelex Xobeh
Okawaru
Sif Muna
Trog
Vehumet
Xom
Yredelemnul
Zin
the Shining One

Shops:
D:6 (   D:7 =

Portals:
Trove: D:10 (give +4,+5 demon trident)

Annotations:
D:9 exclusion: orange crystal statue
D:10 exclusion: door
Lair:1 exclusion: electric eel
Lair:3 exclusion: oklob plant, Chiseanne's ghost, powerful FeAE


Innate Abilities, Weirdness & Mutations

You are too large for most types of armour.
You have a fast metabolism.
You can tolerate rotten meat.
You have tough skin (AC +1).
You have a pair of small antennae on your head.
You have an increased reservoir of magic (+10% MP).
You cover ground slowly.
You evolve.


Message History

* * * LOW HITPOINT WARNING * * *
Your shadow is hit by a branch!
Your shadow is destroyed!
The young spriggan druid hits you with a quarterstaff!
* * * LOW HITPOINT WARNING * * *
The insubstantial wisp closely misses you.
A spriggan comes into view. It is wielding a dagger.
Drink which item? (? for menu, Esc to quit)
You can't drink that!
Unknown command.
Use which ability? (? or * to list) Draw from which deck? (? for menu, Esc to quit)
You draw a card...
It is Flight.
You fly up into the air.
You feel quick.
You fade into invisibility!
Branches wave dangerously above you.
A root smacks something from below.
* * * LOW HITPOINT WARNING * * *
Your shadow is hit by a branch!
The spriggan hits you with a dagger.
You die...
Your body glows with a rainbow of weird colours and disappears.

. ♣♣...###..# ...
..♣♣♣♣♣♣...##### ....
...♣♣♣♣♣♣.P.# ♣♣.U♣♣♣
♣...♣♣♣....## ♣..♣♣♣
♣♣..♣....f.# ♣♣..♣♣♣♣♣
♣♣♣.....♣♣.#
♣♣..♣♣♣♣♣♣♣♣♣♣...v.♣♣♣#
♣♣♣♣...♣♣♣♣♣♣....♣♣♣♣♣#
♣♣♣♣♣....♣♣i@v.♣♣♣♣♣♣
♣♣♣♣.hiU.ip♣♣♣♣♣♣
♣♣♣♣♣♣♣♣♣♣♣♣♣♣
♣♣♣♣♣♣♣♣♣♣♣


You could see a young spriggan druid, a black bear, 2 spriggans, a wolf, 2
insubstantial wisps and a friendly shadow.

Vanquished Creatures
  A hydra (Lair:5)
  A lindwurm (Lair:7)
  A black mamba (Lair:2)
  Psyche (D:8)
  A yaktaur (D:10)
  2 jumping spiders
  A giant firefly (D:10)
  2 komodo dragons (Lair:1)
  2 trolls (D:9)
  2 blink frogs (Lair:4)
  Prince Ribbit (D:8)
  A slime creature (D:10)
  2 two-headed ogres
  A basilisk (Lair:2)
  2 shadows
  A tarantella (Lair:7)
  A wraith (D:10)
  A golden eye (D:9)
  A wyvern (D:8)
  4 wolves
  Grum (D:8)
  9 yaks
  A necrophage (D:10)
  A mottled dragon (D:10)
  3 porcupines
  6 ice beasts
  2 ogres
  3 orc warriors
  4 giant goldfish
  2 black bears
  6 centaurs
  A warg (D:10)
  A big kobold (D:10)
  7 crocodiles
  4 water moccasins
  3 giant slugs
  13 giant frogs
  A naga (D:8)
  3 agate snails
  A hippogriff zombie (D:9)
  A cyclops skeleton (D:8)
  A yak zombie (D:8)
  6 crimson imps
  2 wights (D:9)
  9 hounds
  2 goliath beetles
  A centaur skeleton (D:4)
  A gnoll sergeant (D:7)
  A giant frog skeleton (D:10)
  5 iguanas
  8 orc wizards
  2 scorpions
  A two-headed ogre skeleton (D:10)
  9 worker ants
  Ijyb (D:3)
  Jessica (D:2)
  An ogre zombie (D:6)
  Terence (D:4)
  15 adders
  5 gnolls (D:3)
  12 green rats
  A worker ant zombie (D:6)
  2 giant centipedes (Lair:1)
  An inept feature mimic (D:5)
  A giant mite (D:2)
  5 worms
  2 iguana zombies (D:6)
  An adder skeleton (D:4)
  2 giant eyeballs
  4 giant geckos
  An ooze (D:11)
  35 orcs
  5 giant cockroaches
  14 hobgoblins
  28 jackals
  12 quokkas
  9 bats
  A giant gecko skeleton (D:6)
  A giant gecko zombie (D:6)
  5 giant newts
  11 goblins
  A hobgoblin zombie (D:5)
  A jackal skeleton (D:6)
  14 kobolds
  A kobold skeleton (D:7)
  2 orc skeletons
  19 rats
  4 ballistomycetes
  7 fungi
  9 plants
385 creatures vanquished.

Vanquished Creatures (collateral kills)
  The ghost of lorenzova the Bludgeoner, a powerful MiFi of Trog (Lair:7)
  The ghost of kober the Black Belt, a powerful DsMo of Makhleb (Lair:8)
  The ghost of teukkam the Grappler, a powerful TrMo of Makhleb (Lair:8)
  Pikel (D:9)
  A wolf spider (Lair:6)
  13 elephants
  A black mamba (Lair:6)
  6 komodo dragons
  8 spiny frogs
  8 blink frogs
  A giant firefly (D:9)
  13 yaks
  A wyvern (D:9)
  2 redbacks (Lair:7)
  An elephant slug (Lair:4)
  6 wolves (Lair:8)
  6 hippogriffs
  5 vampire mosquitoes
  4 ice beasts (Lair:5)
  2 phantoms (D:9)
  3 porcupines
  12 crocodiles
  7 water moccasins
  6 giant slugs
  An agate snail (Lair:8)
  4 giant frogs
  A crimson imp (D:9)
  3 hounds
  2 orc priests (D:8)
  3 jellies
  2 iguanas
  6 orange rats (Lair:5)
  7 sheep (Lair:6)
  An ogre zombie (D:9)
  4 gnolls
  37 green rats
  5 adders
  A giant mite (Lair:3)
  A worm (D:8)
  A giant eyeball (D:9)
  5 oozes
  14 orcs
  6 bats
  A giant cockroach (D:4)
  A goblin (D:3)
  2 hobgoblins (D:1)
  2 jackals (Lair:5)
  3 quokkas
  4 giant geckos
  A giant spore (D:8)
  3 rats
  A ballistomycete (D:8)
  3 fungi
235 creatures vanquished.

Vanquished Creatures (others)
  7 giant fireflies
  74 shadows
  An ugly thing (D:10)
  2 slaves (D:9)
  A water moccasin (Lair:8)
  5 insubstantial wisps (Lair:8)
  2 wights (D:9)
  An ogre skeleton (D:9)
  A shadow imp (D:10)
  An ufetubus (D:10)
  2 orcs (D:8)
  A hobgoblin (D:9)
  A bat (D:5)
  5 giant spores (D:9)
  8 fungi
  3 plants (Lair:8)
115 creatures vanquished.

Grand Total: 735 creatures vanquished

Notes
Turn   | Place    | Note
--------------------------------------------------------------
     0 | D:1      | Chiseanne, the Ogre Artificer, began the quest for the Orb.
     0 | D:1      | Reached XP level 1. HP: 20/20 MP: 1/1
   381 | D:1      | Reached XP level 2. HP: 7/28 MP: 2/2
  1032 | D:2      | Reached XP level 3. HP: 35/35 MP: 4/4
  1035 | D:2      | Reached skill level 3 in Evocations
  1661 | D:2      | Noticed Jessica
  1664 | D:2      | Killed Jessica
  1664 | D:2      | Reached XP level 4. HP: 44/44 MP: 6/6
  2612 | D:3      | Reached XP level 5. HP: 45/50 MP: 8/8
  2646 | D:3      | Found a blossoming altar of Fedhas.
  2701 | D:3      | Noticed a centaur
  2710 | D:3      | Killed a centaur
  2982 | D:3      | Reached XP level 6. HP: 35/58 MP: 9/9
  3187 | D:3      | Noticed Ijyb
  3196 | D:3      | Killed Ijyb
  3878 | D:4      | Noticed Terence
  3887 | D:4      | Killed Terence
  3921 | D:4      | Reached skill level 4 in Dodging
  4563 | D:4      | Noticed Blork the orc
  4564 | D:4      | Noticed Blork
  4564 | D:4      | Blork the orc changed into Blork the iguana
  4565 | D:4      | Killed Blork the iguana
  4638 | D:4      | Found a staircase to the Ecumenical Temple.
  4749 | Temple   | Entered the Ecumenical Temple
  4865 | Temple   | Became a worshipper of Nemelex Xobeh
  4874 | Temple   | Received a gift from Nemelex Xobeh
  4877 | Temple   | Gained mutation: You possess an exceptional clarity of mind. [helix card]
  4878 | Temple   | Reached skill level 8 in Fighting
  4878 | Temple   | Reached XP level 7. HP: 65/72 MP: 10/17
  4880 | Temple   | Lost mutation: You possess an exceptional clarity of mind. [helix card]
  4880 | Temple   | Gained mutation: You cover ground slowly. [helix card]
  4881 | Temple   | Lost mutation: You cover ground slowly. [helix card]
  4881 | Temple   | Gained mutation: Your mind is acute. (Int +2) [helix card]
  4882 | Temple   | Gained mutation: You cover ground quickly. [helix card]
  4884 | Temple   | Received a gift from Nemelex Xobeh
  5214 | D:4      | Acquired Nemelex Xobeh's first power
  5748 | D:3      | Acquired Nemelex Xobeh's second power
  6565 | D:1      | Received a gift from Nemelex Xobeh
  6879 | D:5      | Entered Level 5 of the Dungeon
  6967 | D:5      | Found a staircase to the Ecumenical Temple.
  6976 | D:5      | the staircase to the Ecumenical Temple was a mimic.
  7009 | D:5      | Reached skill level 1 in Hexes
  7009 | D:5      | Reached skill level 9 in Evocations
  7009 | D:5      | Reached XP level 8. HP: 21/81 MP: 19/19
  7466 | D:5      | Found a basalt altar of Yredelemnul.
  7469 | D:5      | Found a bloodstained altar of Trog.
  7626 | D:5      | You fall through a shaft!
  8140 | D:6      | Found Udarash's Weapon Shop.
  8401 | D:6      | Reached skill level 5 in Dodging
  8486 | D:6      | Reached skill level 5 in Maces & Flails
  8519 | D:6      | Received a gift from Nemelex Xobeh
  9134 | D:7      | Acquired Nemelex Xobeh's third power
  9745 | D:7      | Found Acoruor's Jewellery Boutique.
  9773 | D:7      | Bought an uncursed amulet of clarity for 260 gold pieces
  9773 | D:7      | Bought a cursed -3 ring of evasion for 26 gold pieces
  9811 | D:7      | Acquired Nemelex Xobeh's fourth power
 10041 | D:7      | Reached XP level 9. HP: 85/91 MP: 20/20
 10064 | D:7      | Received a gift from Nemelex Xobeh
 11037 | D:8      | Found a staircase to the Orcish Mines.
 11526 | D:8      | Received a gift from Nemelex Xobeh
 11700 | D:8      | Noticed Prince Ribbit
 12017 | D:8      | Noticed Grum
 12035 | D:8      | Killed Prince Ribbit
 12048 | D:8      | Acquired Nemelex Xobeh's fifth power
 12072 | D:8      | Received a gift from Nemelex Xobeh
 12075 | D:8      | Killed Grum
 12572 | D:8      | Noticed Psyche
 12689 | D:8      | Killed Psyche
 12689 | D:8      | Reached XP level 10. HP: 101/101 MP: 19/22
 12695 | D:8      | Received a gift from Nemelex Xobeh
 13185 | D:9      | Reached skill level 10 in Evocations
 13260 | D:9      | Noticed Pikel
 13296 | D:9      | Killed Pikel
 13303 | D:9      | Reached skill level 10 in Fighting
 13414 | D:9      | Paralysed by a giant eyeball for 4 turns
 13473 | D:9      | Received a gift from Nemelex Xobeh
 13509 | D:9      | Noticed Maurice
 14319 | D:10     | Entered Level 10 of the Dungeon
 14319 | D:10     | Found a shattered altar of Ashenzari.
 14595 | D:10     | Noticed a fire crab
 14595 | D:10     | a komodo dragon changed into a fire crab
 14596 | D:10     | a fire crab changed into a yaktaur
 14597 | D:10     | Lost mutation: Your mind is acute. (Int +2) [potion of cure mutation]
 14597 | D:10     | Lost mutation: You cover ground quickly. [potion of cure mutation]
 14606 | D:10     | Received a gift from Nemelex Xobeh
 14987 | D:10     | Noticed a hill giant
 14988 | D:10     | a hill giant changed into a slime creature
 15641 | D:10     | Reached XP level 11. HP: 71/110 MP: 24/24
 16051 | D:10     | Noticed a hill giant
 16058 | D:10     | Noticed an alligator
 16058 | D:10     | a hill giant changed into an alligator
 16070 | D:10     | Noticed an ice dragon
 16070 | D:10     | an alligator changed into an ice dragon
 16249 | D:9      | Noticed Maurice
 16249 | D:9      | Maurice changed into Maurice the golden eye
 16261 | D:9      | Killed Maurice the golden eye
 16359 | D:11     | Received a gift from Nemelex Xobeh
 17224 | D:12     | Noticed a seven-headed hydra
 17355 | D:10     | Noticed a vault guard
 17361 | D:10     | Noticed a yellow draconian
 17361 | D:10     | a vault guard changed into a yellow draconian
 17364 | D:10     | Noticed a death yak
 17364 | D:10     | a yellow draconian changed into a death yak
 17390 | D:10     | Found a portal to a secret trove of treasure.
 17815 | D:10     | Found a staircase to the Lair.
 17833 | Lair:1   | Entered Level 1 of the Lair of Beasts
 18680 | Lair:1   | Received a gift from Nemelex Xobeh
 19861 | Lair:2   | Reached skill level 11 in Fighting
 20704 | Lair:3   | Found a hole to the Spider Nest.
 20999 | Lair:3   | Noticed Chiseanne's ghost (powerful FeAE)
 22250 | Lair:4   | Gained mutation: You evolve. [potion of beneficial mutation]
 22272 | Lair:4   | Reached skill level 1 in Throwing
 22272 | Lair:4   | Reached skill level 1 in Invocations
 22373 | Lair:4   | Received a gift from Nemelex Xobeh
 22903 | Lair:4   | Gained mutation: You have a pair of small antennae on your head. [evolution]
 23685 | Lair:5   | Found a frozen archway.
 23690 | Lair:5   | Reached XP level 12. HP: 120/120 MP: 26/26
 24073 | Lair:5   | Received a gift from Nemelex Xobeh
 24732 | Lair:5   | Noticed a six-headed hydra
 24756 | Lair:5   | Killed a six-headed hydra
 24756 | Lair:5   | Reached skill level 5 in Throwing
 24992 | Lair:6   | Found a staircase to the Swamp.
 25129 | Lair:6   | Paralysed by you for 4 turns
 25398 | Lair:6   | Reached skill level 1 in Armour
 25601 | Lair:6   | Received a gift from Nemelex Xobeh
 25780 | Lair:6   | Reached skill level 10 in Maces & Flails
 26034 | Lair:6   | Gained mutation: You cover ground slowly. [evolution]
 26649 | Lair:7   | Noticed lorenzova's ghost (powerful MiFi)
 26650 | Lair:7   | Received a gift from Nemelex Xobeh
 26664 | Lair:7   | Killed lorenzova's ghost
 26726 | Lair:7   | Got a bloodstained long sword
 27745 | Lair:8   | Entered Level 8 of the Lair of Beasts
 27748 | Lair:8   | Noticed kober's ghost (powerful DsMo)
 27764 | Lair:7   | Identified the +2,+5 long sword of Klib {flame, -Cast rF+ rC++ Dex+3} (You found it on level 7 of the Lair of Beasts)
 27920 | Lair:8   | Killed kober's ghost
 27963 | Lair:8   | Noticed teukkam's ghost (powerful TrMo)
 27969 | Lair:8   | Killed teukkam's ghost
 27977 | Lair:8   | Reached XP level 13. HP: 131/131 MP: 27/27
 27983 | Lair:8   | Reached skill level 12 in Fighting
 28433 | Lair:8   | Found a staircase to the Slime Pits.
 28481 | Lair:8   | Paralysed by a potion of paralysis for 7 turns
 28488 | Lair:8   | Gained mutation: You have an increased reservoir of magic (+10% MP). [potion of beneficial mutation]
 28775 | Lair:8   | Received a gift from Nemelex Xobeh
 28776 | Lair:8   | HP: 6/131 [young spriggan druid/ray of light (11)]
 28778 | Lair:8   | Slain by a spriggan

Action                   |  1- 3 |  4- 6 |  7- 9 | 10-12 | 13-15 || total
-------------------------+-------+-------+-------+-------+-------++-------
Melee: Club              |    27 |       |       |       |       ||    27
       Mace              |    48 |   169 |   208 |   578 |     4 ||  1007
       Flail             |       |    61 |   199 |       |       ||   260
       Morningstar       |       |       |       |   306 |       ||   306
Invok: Peek at Two       |       |       |     5 |    10 |       ||    15
       Draw One          |       |       |    17 |    42 |     3 ||    62
       Stack Five        |       |       |       |     1 |       ||     1
Evoke: Wand              |    10 |    20 |    55 |    85 |       ||   170
       Deck              |       |     1 |    11 |       |       ||    12
  Use: Potion            |     1 |     1 |       |    21 |     3 ||    26
       Scroll            |       |    14 |    11 |    27 |       ||    52
 Stab: Paralysed         |       |     4 |       |       |       ||     4
       Sleeping          |       |     1 |       |       |       ||     1
       Invisible         |       |       |       |     6 |       ||     6
       Distracted        |       |       |       |     2 |       ||     2
